[Event "Late-Titled-Tuesday-Blitz-April-02-2024"]
[Site "Chess.com"]
[Date "2024.04.02"]
[Round "1"]
[White "Rud_Makarian"]
[Black "2346PL"]
[Result "1-0"]
[WhiteElo "3032"]
[BlackElo "2529"]
[TimeControl "180+1"]
[EndTime "14:02:41 PDT"]
[Termination "Rud_Makarian won by resignation"]

1. d4 f5 2. c4 Nf6 3. Nf3 g6 4. g3 Bg7 5. Bg2 O-O 6. O-O d6 7.
Nc3 Qe8 8. d5 Na6 9. Nd4 Bd7 10.
b3 c5 11. dxc6 bxc6 12. Bb2 h6 13. a3 Nc5 14. b4 Nce4 15. Qc2 Nxc3 16. Bxc3 Rc8 17.
Rfd1 g5 18. Nxf5 Bxf5 19. Qxf5 Kh8 20. Qd3 Qh5 21. h3 g4 22. h4 Nd7 23. Bxg7+ Kxg7 24.
Qd4+ Qe5 25. Qxg4+ 1-0

[Event "Late-Titled-Tuesday-Blitz-April-02-2024"]
[Site "Chess.com"]
[Date "2024.04.02"]
[Round "1"]
[White "simaopdias"]
[Black "GP9isback23"]
[Result "0-1"]
[WhiteElo "2320"]
[BlackElo "2632"]
[TimeControl "180+1"]
[EndTime "14:03:09 PDT"]
[Termination "GP9isback23 won by resignation"]

1. e4 c5 2. Nf3 e6 3. d4 cxd4 4. Nxd4 Nf6 5. Bd3 Nc6 6. Be3 d5 7. exd5 Nxd5 8. Nxc6 bxc6 9. Bd2 Be7 10. O-O O-O 11.
Nc3 e5 12. Be4 Be6 13. Qf3 f5 14. Bxd5 cxd5 15. Rad1 d4 16. Bc1 Qa5 17. Qc6 Bf7 18.
Qb5 Qxb5 19. Nxb5 Bc4 20. Nc7 Rac8 0-1

[Event "Late-Titled-Tuesday-Blitz-April-02-2024"]
[Site "Chess.com"]
[Date "2024.04.02"]
[Round "1"]
[White "Akhayan"]
[Black "ameetghasi100"]
[Result "0-1"]
[WhiteElo "2449"]
[BlackElo "2801"]
[TimeControl "180+1"]
[EndTime "14:03:14 PDT"]
[Termination "ameetghasi100 won by resignation"]

1. e4 g6 2. d4 d6 3. Nc3 a6 4.
Be3 Bg7 5. f3 b5 6. Qd2 Nd7 7.
h4 h5 8. Nh3 e6 9. Ng5 Bb7 10. Bd3 c5 11. dxc5 dxc5 12. O-O Qc7 13. e5 Nxe5 14. Be4 Nc4 15. Qd3 Rd8 16. Nxe6 fxe6 17. Bxg6+ Kf8 18. Bxc5+ Qxc5+ 0-1

[Event "Late-Titled-Tuesday-Blitz-April-02-2024"]
[Site "Chess.com"]
[Date "2024.04.02"]
[Round "1"]
[White "MaestroCheck"]
[Black "PNEPaul"]
[Result "1-0"]
[WhiteElo "2554"]
[BlackElo "1967"]
[TimeControl "180+1"]
[EndTime "14:03:19 PDT"]
[Termination "MaestroCheck won by resignation"]

1. e4 e5 2. Nf3 Nc6 3. Bc4 Be7 4. d4 exd4 5. Nxd4 d6 6. O-O Nf6 7. Nc3 O-O 8. h3 Nxe4 9. Nxc6 bxc6 10. Nxe4 d5 11.
Bd3 dxe4 12. Bxe4 Ba6 13. Re1 Qxd1 14. Rxd1 Rad8 15. Bf4 Be2 16. Re1 Bd3 17. Bxd3 1-0

[Event "Late-Titled-Tuesday-Blitz-April-02-2024"]
[Site "Chess.com"]
[Date "2024.04.02"]
[Round "1"]
[White "ArtemDyachuk"]
[Black "WindWhistler11"]
[Result "1-0"]
[WhiteElo "2789"]
[BlackElo "2437"]
[TimeControl "180+1"]
[EndTime "14:03:25 PDT"]
[Termination "ArtemDyachuk won by checkmate"]

1. d4 e6 2. e4 d5 3. Nc3 Bb4 4.
e5 Ne7 5. a3 Ba5 6. b4 Bb6 7. Qg4 Nf5 8. Nce2 Nc6 9. c3 f6 10.
exf6 Qxf6 11. Nf3 O-O 12. b5 Na5 13. Bg5 Nh6 14. Qh4 Qf5 15. Bxh6 gxh6 16. Qxh6 Nb3 17. Rd1 Ba5 18. h4 Bd7 19. Rh3 Bxb5 20. Rg3+ Kh8 21. Qg7# 1-0

[Event "Late-Titled-Tuesday-Blitz-April-02-2024"]
[Site "Chess.com"]
[Date "2024.04.02"]
[Round "1"]
[White "Balla_Tamas"]
[Black "sergoy"]
[Result "0-1"]
[WhiteElo "2489"]
[BlackElo "2895"]
[TimeControl "180+1"]
[EndTime "14:03:29 PDT"]
[Termination "sergoy won by resignation"]

1. Nf3 d5 2. b3 Bg4 3. e3 e5 4. h3 Bxf3 5. Qxf3 c6 6. Bb2 Nd7 7. d3 Bd6 8. Nd2 Ne7 9. g3 O-O 10. Bg2 f5 11. Qe2 Qc7 12. f4 Rae8 13. O-O-O a5 14. Rdf1 a4 15. fxe5 Bxe5 16. d4 Bd6 17. g4 axb3 18. axb3 Qa5 19. gxf5 Nxf5 20. e4 Ng3 21. Qg4 Nxf1 22. Bxf1 Nf6 23. Qg5 Nxe4 0-1

[Event "Late-Titled-Tuesday-Blitz-April-02-2024"]
[Site "Chess.com"]
[Date "2024.04.02"]
[Round "1"]
[White "misterlamine"]
[Black "vladislavkovalev"]
[Result "0-1"]
[WhiteElo "2485"]
[BlackElo "2878"]
[TimeControl "180+1"]
[EndTime "14:03:31 PDT"]
[Termination "vladislavkovalev won by resignation"]

1. d4 Nf6 2. Nf3 e6 3. e3 b6 4.
Be2 Bb7 5. O-O Be7 6. Nbd2 O-O 7.
b3 c5 8. Bb2 d6 9. c4 Nbd7 10.
Rc1 Re8 11. Bd3 Rc8 12. Bb1 d5 13. cxd5 Nxd5 14. Qc2 N5f6 15. e4 cxd4 16. Qd3 e5 17. Nc4 Bf8 18. Bxd4 Bxe4 19. Qd1 exd4 20. Nxd4 Bxb1 21.
Rxb1 Ne5 22. Ne3 Bc5 23. Ndf5 Qxd1 24. Rbxd1 Bxe3 25. Nxe3 g6 26. Rd6 Rc6 0-1

[Event "Late-Titled-Tuesday-Blitz-April-02-2024"]
[Site "Chess.com"]
[Date "2024.04.02"]
[Round "1"]
[White "ckgchess"]
[Black "Piotrek1979"]
[Result "1-0"]
[WhiteElo "2946"]
[BlackElo "2506"]
[TimeControl "180+1"]
[EndTime "14:03:38 PDT"]
[Termination "ckgchess won by resignation"]

1. e4 c5 2. c3 Nf6 3. e5 Nd5 4. d4 cxd4 5. Bc4 e6 6. cxd4 b6 7. Nc3 Ba6 8. Bxd5 exd5 9. Nge2 Bb4 10. O-O Bxc3 11. bxc3 O-O 12. Re1 Nc6 13. Nf4 Bc4 14. Qg4 f5 15. Qg3 Kh8 16. h4 Qe7 17. h5 Rae8 18.
Ng6+ 1-0

[Event "Late-Titled-Tuesday-Blitz-April-02-2024"]
[Site "Chess.com"]
[Date "2024.04.02"]
[Round "1"]
[White "DraningWaterHi"]
[Black "GlavkonVVS"]
[Result "0-1"]
[WhiteElo "2288"]
[BlackElo "2615"]
[TimeControl "180+1"]
[EndTime "14:03:45 PDT"]
[Termination "GlavkonVVS won by resignation"]

1. d4 Nf6 2. c4 c5 3. d5 e6 4. Nc3 exd5 5. cxd5 d6 6. Nf3 g6 7. g3 Bg7 8. Bg2 O-O 9. O-O Re8 10. Bf4 Nh5 11. Bg5 Qb6 12. Qc2 a6 13. e4 Nd7 14.
Nd2 Qc7 15. a4 Rb8 16. h3 b5 17. Be3 c4 18. axb5 axb5 19. Ra7 Qd8 20. f4 Nxg3 21. Rfa1 Nf5 22. Bf2 Nd4 23. Qd1 Nc5 24. Nxc4 bxc4 25. Bxd4 Bxd4+ 26. Qxd4 Nb3 27. Qxc4 Nxa1 28. Rxa1 Rxb2 29.
Qd4 Qh4 30. Nd1 Rxg2+ 31. Kxg2 Bxh3+ 32. Kg1 Qg3+ 0-1

[Event "Late-Titled-Tuesday-Blitz-April-02-2024"]
[Site "Chess.com"]
[Date "2024.04.02"]
[Round "1"]
[White "rcmz"]
[Black "AjedrezenMadrid"]
[Result "0-1"]
[WhiteElo "2211"]
[BlackElo "2579"]
[TimeControl "180+1"]
[EndTime "14:04:03 PDT"]
[Termination "AjedrezenMadrid won by checkmate"]

1. b4 e6 2. Bb2 b6 3. e3 Bb7 4. f4 Nf6 5. a3 c5 6. b5 d5 7. Nf3 Nbd7 8. c4 Bd6 9. Be2 d4 10. O-O Qc7 11. g3 O-O-O 12. exd4 cxd4 13. Bxd4 Bc5 14. Bxc5 Nxc5 15. d4 Bxf3 16. Rxf3 Rd7 17. Qc2 Rxd4 18. Nc3 h5 19. Na4 h4 20. Nxc5 Qxc5 21.
Kg2 hxg3 22. hxg3 Qh5 23. Rg1 Ng4 24. c5 Qh3# 0-1

[Event "Late-Titled-Tuesday-Blitz-April-02-2024"]
[Site "Chess.com"]
[Date "2024.04.02"]
[Round "1"]
[White "BogdanDeac"]
[Black "Lady_Nika"]
[Result "1-0"]
[WhiteElo "3104"]
[BlackElo "2544"]
[TimeControl "180+1"]
[EndTime "14:04:06 PDT"]
[Termination "BogdanDeac won by resignation"]

1. d4 d5 2. Nf3 e6 3. Bf4 Nf6 4. e3 Bd6 5. Bg3 O-O 6. c4 c5 7.
dxc5 Bxc5 8. Nc3 dxc4 9. Bxc4 a6 10. Qc2 Qe7 11. Bd3 b5 12. Ne4 Bb4+ 13. Ke2 Bb7 14. a3 Nxe4 15. Bxe4 Ba5 16. Rhd1 Rc8 17. Qxc8+ Bxc8 18. Bxa8 Nd7 19. Rac1 Nb6 20. b4 Nc4 21. bxa5 e5 22. Nxe5 Be6 23. Nc6 Bg4+ 24. Ke1 1-0

[Event "Late-Titled-Tuesday-Blitz-April-02-2024"]
[Site "Chess.com"]
[Date "2024.04.02"]
[Round "1"]
[White "Crazy_girl99"]
[Black "APOKALIPSA13"]
[Result "1-0"]
[WhiteElo "2619"]
[BlackElo "2291"]
[TimeControl "180+1"]
[EndTime "14:04:07 PDT"]
[Termination "Crazy_girl99 won by resignation"]

1. Nf3 c5 2. g3 Nc6 3. Bg2 e5 4. d3 d6 5. O-O h5 6. c4 Be7 7.
Nc3 h4 8. Nd5 h3 9. Bh1 Be6 10.
Be3 Bxd5 11. cxd5 Nd4 12. Bxd4 cxd4 13. e3 dxe3 14. fxe3 Nf6 15. Ng5 Qd7 16. Rc1 Bd8 17.
Be4 Bb6 18. Qf3 Rc8 19. Bf5 Rxc1 20. Bxd7+ Kxd7 21. Rxc1 Ke7 22. d4 Rh5 23. Ne4 Rh6 24.
dxe5 Nxd5 25. exd6+ Ke6 26. Ng5+ Kxd6 27. Nxf7+ Ke6 28.
Nxh6 Bxe3+ 29. Kf1 Bxc1 30. Qe4+ Kd6 31. Nf5+ Kc5 32.
Qd4+ Kc6 33. Qc4+ 1-0

[Event "Late-Titled-Tuesday-Blitz-April-02-2024"]
[Site "Chess.com"]
[Date "2024.04.02"]
[Round "1"]
[White "BabageldiAnnaberdiyev"]
[Black "GAusal"]
[Result "1-0"]
[WhiteElo "2600"]
[BlackElo "2261"]
[TimeControl "180+1"]
[EndTime "14:04:10 PDT"]
[Termination "BabageldiAnnaberdiyev won by resignation"]

1. e4 c5 2. Nf3 e6 3. d3 Nc6 4. Nbd2 d6 5. g3 g6 6. Bg2 Bg7 7. h4 h5 8. O-O Nge7 9. Re1 O-O 10. c3 Rb8 11. Nf1 b5 12. d4 cxd4 13. cxd4 d5 14.
e5 Nf5 15. Ne3 Nxe3 16. Bxe3 a5 17. Qd2 Ba6 18. Bh6 b4 19. Bxg7 Kxg7 20. b3 Ne7 21. Rac1 Rc8 22. Bh3 Rxc1 23. Rxc1 Qd7 24. Qf4 Ng8 25.
Ng5 Bd3 26. Rc5 Qa7 27. Bxe6 Be4 28. Bxd5 Bxd5 29. Rxd5 Qa6 30. Rd6 Qe2 31. Rd7 Nh6 32. Ne6+ 1-0

[Event "Late-Titled-Tuesday-Blitz-April-02-2024"]
[Site "Chess.com"]
[Date "2024.04.02"]
[Round "1"]
[White "Sinquefield"]
[Black "DanielNaroditsky"]
[Result "0-1"]
[WhiteElo "2546"]
[BlackElo "3150"]
[TimeControl "180+1"]
[EndTime "14:04:11 PDT"]
[Termination "DanielNaroditsky won by checkmate"]

1. d4 Nf6 2. Nf3 g6 3. Bg5 Bg7 4. Nbd2 O-O 5. e3 d6 6. Bc4 c5 7. c3 Qc7 8. O-O b6 9. Re1 Bb7 10. a3 Nc6 11. b4 d5 12. Bf1 Ne4 13. Nxe4 dxe4 14. Nd2 cxd4 15. cxd4 f5 16. Rc1 Qd7 17. Qb3+ Kh8 18. Red1 h6 19. Bf4 g5 20. Be5 Nxe5 21. dxe5 Bxe5 22. Nc4 Qe6 23. Qa4 Bf6 24. Qd7 Qxd7 25.
Rxd7 Bc6 26. Rc7 Rfc8 27. Rxc8+ Rxc8 28. Nxb6 axb6 29. Ba6 Ra8 30. b5 Bd5 31. a4 Kg7 32. Rd1 Bb3 33. Rd7 Bxa4 34. Rb7 Rd8 35. g3 Bd1 36.
Kg2 Bf3+ 37. Kh3 g4# 0-1

[Event "Late-Titled-Tuesday-Blitz-April-02-2024"]
[Site "Chess.com"]
[Date "2024.04.02"]
[Round "1"]
[White "katharinareinecke"]
[Black "WilsonPalencia21"]
[Result "0-1"]
[WhiteElo "1991"]
[BlackElo "2556"]
[TimeControl "180+1"]
[EndTime "14:04:13 PDT"]
[Termination "WilsonPalencia21 won by resignation"]

1. d4 Nf6 2. Nf3 c5 3. g3 g6 4. Bg2 Bg7 5. O-O O-O 6. c4 d6 7.
b3 d5 8. cxd5 cxd4 9. Bb2 Nxd5 10.
Nxd4 Nb4 11. a3 Bxd4 12. Qxd4 Qxd4 13. Bxd4 Nc2 14. Bb2 Nxa1 15. Bxa1 Nc6 16. e3 Be6 17. b4 Rfd8 18. Nc3 Rd2 19. Nb5 Bc4 20. Nd4 Nxd4 21.
Bxd4 Bxf1 22. Bxf1 Rd1 23. f4 Rc8 24. Kf2 Rc2+ 0-1

[Event "Late-Titled-Tuesday-Blitz-April-02-2024"]
[Site "Chess.com"]
[Date "2024.04.02"]
[Round "1"]
[White "Kiborg95"]
[Black "Slovineanu"]
[Result "1-0"]
[WhiteElo "2847"]
[BlackElo "2464"]
[TimeControl "180+1"]
[EndTime "14:04:14 PDT"]
[Termination "Kiborg95 won by resignation"]

1. e4 e5 2. Nf3 Nc6 3. Bc4 Nf6 4. d3 Be7 5. O-O O-O 6. a4 d6 7. a5 a6 8. c3 h6 9. Re1 Re8 10. Nbd2 Bf8 11. b4 d5 12. exd5 Nxd5 13. Qb3 Be6 14. Nxe5 Nxe5 15. Rxe5 Bd6 16. Rxd5 Bxd5 17. Bxd5 Re1+ 18.
Nf1 Bxh2+ 19. Kxh2 Rxf1 20. Qc4 c6 21. Bxf7+ Kh8 22.
Bg5 1-0

[Event "Late-Titled-Tuesday-Blitz-April-02-2024"]
[Site "Chess.com"]
[Date "2024.04.02"]
[Round "1"]
[White "nochewycandy"]
[Black "picturesquecheck"]
[Result "1-0"]
[WhiteElo "2709"]
[BlackElo "2404"]
[TimeControl "180+1"]
[EndTime "14:04:14 PDT"]
[Termination "nochewycandy won by resignation"]

1. c4 Nf6 2. g3 e6 3. Bg2 d5 4.
Nf3 Be7 5. O-O O-O 6. b3 c5 7.
Bb2 Nc6 8. e3 b6 9. Qe2 Bb7 10.
Nc3 Qd7 11. Rfd1 d4 12. exd4 Nxd4 13. Nxd4 Bxg2 14. Nxe6 Bh3 15. Nxf8 Bxf8 16. Ne4 Ng4 17. d4 Re8 18. Qf3 Kh8 19. Ng5 Nxh2 20. Kxh2 Bg4 21.
Qxf7 Qxf7 22. Nxf7+ Kg8 23. Ne5 Bxd1 24. Rxd1 cxd4 25.
Bxd4 g6 26. Kg2 Bg7 27. Nf3 1-0

[Event "Late-Titled-Tuesday-Blitz-April-02-2024"]
[Site "Chess.com"]
[Date "2024.04.02"]
[Round "1"]
[White "Tugrik1969"]
[Black "Missigirl"]
[Result "1-0"]
[WhiteElo "2551"]
[BlackElo "1891"]
[TimeControl "180+1"]
[EndTime "14:04:14 PDT"]
[Termination "Tugrik1969 won by resignation"]

1. Nf3 d5 2. d4 g6 3. c4 c6 4. Nc3 Bg7 5. cxd5 cxd5 6. Bf4 a6 7. e3 Nc6 8. h3 Nf6 9. Bd3 O-O 10. Rc1 Bd7 11.
O-O Rc8 12. Ne5 e6 13. Qb3 b5 14. a4 Na5 15. Qb4 bxa4 16. Nxd7 Qxd7 17. Qxa5 1-0

[Event "Late-Titled-Tuesday-Blitz-April-02-2024"]
[Site "Chess.com"]
[Date "2024.04.02"]
[Round "1"]
[White "romulocardoso"]
[Black "GMG"]
[Result "0-1"]
[WhiteElo "2439"]
[BlackElo "2790"]
[TimeControl "180+1"]
[EndTime "14:04:21 PDT"]
[Termination "GMG won by resignation"]

1. e4 c6 2. d4 d5 3. Nc3 dxe4 4. Nxe4 Nf6 5. Nxf6+ exf6 6. Nf3 Bd6 7. Bd3 O-O 8. O-O Bg4 9. h3 Bh5 10. Re1 Nd7 11. c3 Qc7 12. Be3 Rfe8 13. Qc2 Bxf3 14.
gxf3 g6 15. Qd2 b5 16. Bh6 f5 17. Kh1 Bf8 18. Rg1 Bxh6 19. Qxh6 Kh8 20. Bxf5 Nf6 21. Qg5 Qd6 22. h4 Re2 23. Rg2 Rxb2 24. h5 Nxh5 25. Re1 Rxa2 26. Rh2 Qf4 27. Rxh5 Qxf3+ 0-1

[Event "Late-Titled-Tuesday-Blitz-April-02-2024"]
[Site "Chess.com"]
[Date "2024.04.02"]
[Round "1"]
[White "DrKerfuffle"]
[Black "sorch29"]
[Result "1-0"]
[WhiteElo "2778"]
[BlackElo "2433"]
[TimeControl "180+1"]
[EndTime "14:04:24 PDT"]
[Termination "DrKerfuffle won by resignation"]

1. e4 c5 2. Nf3 d6 3. Bc4 Nf6 4. e5 dxe5 5. Nxe5 e6 6. Qe2 Be7 7. O-O O-O 8. Re1 Nbd7 9. Nxf7 Rxf7 10. Qxe6 Qf8 11. Qxe7 Nb6 12. Bxf7+ Qxf7 13. Qxf7+ Kxf7 14. Nc3 c4 15. d3 cxd3 16. cxd3 Bf5 17. Ne4 Rd8 18.
Bg5 Rxd3 19. Nc5 Rd5 20. Bxf6 gxf6 21. Nb3 Nc4 22. Rad1 Rxd1 23. Rxd1 Nxb2 24. Rd4 Be6 25. Nc5 b6 26. Nxe6 Kxe6 27. Rh4 a5 28. Rxh7 Kd5 29. h4 Nc4 30. h5 Ne5 1-0

[Event "Late-Titled-Tuesday-Blitz-April-02-2024"]
[Site "Chess.com"]
[Date "2024.04.02"]
[Round "1"]
[White "Zavgorodniy_Sergiy"]
[Black "The_Straightforward_Rook"]
[Result "1/2-1/2"]
[WhiteElo "2645"]
[BlackElo "2371"]
[TimeControl "180+1"]
[EndTime "14:04:27 PDT"]
[Termination "Game drawn by repetition"]

1. d4 d5 2. c4 c6 3. e3 Nf6 4. Bd3 e6 5. Nd2 Bd6 6. Ngf3 Nbd7 7. O-O O-O 8. e4 dxe4 9. Nxe4 Nxe4 10. Bxe4 Nf6 11.
Bc2 h6 12. b3 b6 13. Bb2 Bb7 14. Qd3 g6 15. Rfe1 Be7 16. Ne5 Qe8 17. Qg3 Kh7 18. Nxg6 fxg6 19. Rxe6 Qf7 20. Rxe7 Qxe7 21. Qxg6+ Kh8 22.
Qxh6+ Kg8 23. d5 Qg7 24. Qh4 cxd5 25. Re1 dxc4 26. Qxc4+ Bd5 27. Qf1 Rae8 28. Rd1 Bb7 29.
Qc4+ Kh8 30. Qh4+ Kg8 31. Qc4+ Kh8 32. Qh4+ Kg8 33. Qc4+ 1/2-1/2

[Event "Late-Titled-Tuesday-Blitz-April-02-2024"]
[Site "Chess.com"]
[Date "2024.04.02"]
[Round "1"]
[White "TheoSlade"]
[Black "JoakimVonAnd"]
[Result "0-1"]
[WhiteElo "2392"]
[BlackElo "2693"]
[TimeControl "180+1"]
[EndTime "14:04:28 PDT"]
[Termination "JoakimVonAnd won by checkmate"]

1. d4 d5 2. c4 e6 3. Nf3 Nf6 4. g3 h6 5. Bg2 Bd6 6. O-O O-O 7.
Qc2 b6 8. cxd5 exd5 9. Nc3 Bb7 10. Nb5 Re8 11. Nxd6 cxd6 12. b3 Nc6 13. Ba3 Qd7 14. Rac1 a5 15. Qd2 Ba6 16. Rfe1 b5 17. Rc2 b4 18.
Bb2 Ne4 19. Qf4 g5 20. Qc1 Rac8 21. Nd2 Nc3 22. Bxc3 bxc3 23. Rxc3 Nxd4 24. Bf1 Bxe2 25. Qb2 Bxf1 26. Rxe8+ Rxe8 27. Kxf1 Qh3+ 28. Kg1 Re1+ 29.
Nf1 Rxf1# 0-1

[Event "Late-Titled-Tuesday-Blitz-April-02-2024"]
[Site "Chess.com"]
[Date "2024.04.02"]
[Round "1"]
[White "LikeWater"]
[Black "Bob_2004"]
[Result "1-0"]
[WhiteElo "2649"]
[BlackElo "2353"]
[TimeControl "180+1"]
[EndTime "14:04:28 PDT"]
[Termination "LikeWater won by resignation"]

1. e4 c5 2. c3 d5 3. exd5 Qxd5 4. d4 Nc6 5. Nf3 Bg4 6. dxc5 Bxf3 7. Qxf3 Qxf3 8. gxf3 e6 9. Be3 Nge7 10. Nd2 Nf5 11. b4 g6 12. Bb5 Bg7 13. Rc1 O-O-O 14. Nc4 a6 15. Bxc6 bxc6 16. Ke2 Kb7 17. Bf4 Rd5 18. Na5+ 1-0

[Event "Late-Titled-Tuesday-Blitz-April-02-2024"]
[Site "Chess.com"]
[Date "2024.04.02"]
[Round "1"]
[White "Polish_fighter3000"]
[Black "zverr1"]
[Result "1-0"]
[WhiteElo "3154"]
[BlackElo "2547"]
[TimeControl "180+1"]
[EndTime "14:04:31 PDT"]
[Termination "Polish_fighter3000 won by checkmate"]

1. e4 c5 2. Nf3 g6 3. d4 cxd4 4.
Qxd4 Nf6 5. Nc3 Nc6 6. Qa4 d6 7.
e5 dxe5 8. Nxe5 Bd7 9. Nxd7 Nxd7 10. Bd2 Bg7 11. O-O-O Qc8 12. h4 h5 13. g3 Nf6 14.
Bh3 Qc7 15. Nb5 Qb8 16. Bf4 Bh6 17. Bxh6 Rxh6 18. Rhe1 a6 19. Nd4 Qc7 20. Nxc6 Qxc6 21. Qf4 Rh8 22. Rd6 Nd5 23. Qd4 Qxd6 24. Qxh8# 1-0

[Event "Late-Titled-Tuesday-Blitz-April-02-2024"]
[Site "Chess.com"]
[Date "2024.04.02"]
[Round "1"]
[White "colegiodemadrid"]
[Black "DrVelja"]
[Result "0-1"]
[WhiteElo "2527"]
[BlackElo "3030"]
[TimeControl "180+1"]
[EndTime "14:04:35 PDT"]
[Termination "DrVelja won by resignation"]

1. e4 c5 2. Be2 Nc6 3. f4 e6 4.
Nf3 d5 5. d3 Bd6 6. O-O Nge7 7.
Qe1 O-O 8. c3 f6 9. Be3 Qc7 10.
g3 b6 11. Nbd2 Bb7 12. Rf2 Rae8 13. Bf1 e5 14. fxe5 Nxe5 15. Nxe5 Bxe5 16. Bh3 dxe4 17. dxe4 f5 18. exf5 Nd5 19. Re2 Nxe3 20. Rxe3 Qc6 21. Kf2 Qh6 22. Qf1 Bd4 0-1

[Event "Late-Titled-Tuesday-Blitz-April-02-2024"]
[Site "Chess.com"]
[Date "2024.04.02"]
[Round "1"]
[White "Beca95"]
[Black "RealPerangel"]
[Result "0-1"]
[WhiteElo "2941"]
[BlackElo "2524"]
[TimeControl "180+1"]
[EndTime "14:04:35 PDT"]
[Termination "RealPerangel won by resignation"]

1. d4 c5 2. d5 Nf6 3. Nc3 Qa5 4. Bd2 b5 5. e4 b4 6. e5 bxc3 7. Bxc3 Qa4 8. exf6 gxf6 9. Nf3 Qe4+ 10. Be2 Bb7 11. d6 e5 12. Qd2 h5 13. Kf1 Rg8 14. Rg1 Nc6 15. Re1 O-O-O 16. Bb5 Qf5 17. Nh4 Qg4 18.
g3 Qh3+ 19. Ke2 Qg4+ 20. f3 Qe6 21. Kf2 Bxd6 22. Bc4 Qxc4 23. Qxd6 Qe6 24. Qxc5 d5 25. Ba5 Rd7 26. Re3 d4 27. Rb3 Rd5 0-1

[Event "Late-Titled-Tuesday-Blitz-April-02-2024"]
[Site "Chess.com"]
[Date "2024.04.02"]
[Round "1"]
[White "ValeriyGrinev"]
[Black "rikchessmx"]
[Result "1-0"]
[WhiteElo "2585"]
[BlackElo "2232"]
[TimeControl "180+1"]
[EndTime "14:04:35 PDT"]
[Termination "ValeriyGrinev won by resignation"]

1. e4 e5 2. Nf3 Nc6 3. d4 exd4 4.
Nxd4 Nf6 5. Nc3 Bb4 6. Nxc6 bxc6 7. Bd3 d5 8. exd5 cxd5 9. O-O c6 10. Bg5 O-O 11.
Qf3 Be7 12. h3 Be6 13. Rfe1 Rb8 14. Rab1 Re8 15. Ne2 Nd7 16. Bf4 Rb4 17. a3 Rb6 18. Nd4 Bf6 19. c3 Nf8 20. b4 Bxd4 21. cxd4 a5 22. Bd2 axb4 23. Bxb4 Ng6 24. Ra1 Qb8 25. Bc2 Bd7 26. Rxe8+ Bxe8 27. Bc3 Bd7 28. a4 Rb2 29.
Bxb2 Qxb2 30. Qd1 Nf4 31. Rb1 1-0

[Event "Late-Titled-Tuesday-Blitz-April-02-2024"]
[Site "Chess.com"]
[Date "2024.04.02"]
[Round "1"]
[White "jstopa4"]
[Black "JERO-8914"]
[Result "0-1"]
[WhiteElo "2752"]
[BlackElo "2444"]
[TimeControl "180+1"]
[EndTime "14:04:41 PDT"]
[Termination "JERO-8914 won by resignation"]

1. Nf3 d5 2. c4 e6 3. e3 Nf6 4.
Nc3 c5 5. cxd5 exd5 6. d4 Nc6 7.
Be2 Be7 8. dxc5 Bxc5 9. O-O O-O 10. Nb5 Be6 11. b3 Ne4 12. Bb2 Be7 13. Nbd4 Bf6 14.
a3 Rc8 15. Bd3 Bg4 16. h3 Bxf3 17. gxf3 Bxd4 18. Bxd4 Ng5 19. Bf5 Nxd4 20. exd4 Rc3 21. Bg4 f5 22. Qd2 Rxf3 23. h4 Ne4 0-1

[Event "Late-Titled-Tuesday-Blitz-April-02-2024"]
[Site "Chess.com"]
[Date "2024.04.02"]
[Round "1"]
[White "Bryanl106"]
[Black "egnfanclub"]
[Result "1-0"]
[WhiteElo "2671"]
[BlackElo "2378"]
[TimeControl "180+1"]
[EndTime "14:04:42 PDT"]
[Termination "Bryanl106 won by resignation"]

1. e4 e5 2. Nf3 Nc6 3. Nc3 Nf6 4. a3 d5 5. Bb5 dxe4 6. Nxe5 Bd7 7. Bxc6 Bxc6 8. Nxc6 bxc6 9. Qe2 Qd4 10. d3 Be7 11. dxe4 O-O 12. O-O Rfe8 13. Be3 Qe5 14. f3 Rab8 15. Na4 a5 16. Rad1 Bd6 17. g3 h5 18. Bd4 Qe7 19. Qf2 h4 20. Rfe1 hxg3 21. hxg3 Nd7 22. e5 Nxe5 23. f4 Ng4 24. Rxe7 Nxf2 25. Rxe8+ Rxe8 26. Kxf2 1-0

[Event "Late-Titled-Tuesday-Blitz-April-02-2024"]
[Site "Chess.com"]
[Date "2024.04.02"]
[Round "1"]
[White "Kavyev_Ruslan"]
[Black "RodokininEV"]
[Result "0-1"]
[WhiteElo "2396"]
[BlackElo "2697"]
[TimeControl "180+1"]
[EndTime "14:04:44 PDT"]
[Termination "RodokininEV won by checkmate"]

1. d4 Nf6 2. Nf3 g6 3. c4 Bg7 4.
g3 d6 5. Bg2 O-O 6. O-O Nc6 7.
Nc3 a6 8. e4 Bg4 9. h3 Bxf3 10.
Bxf3 Nd7 11. Be3 e5 12. d5 Nd4 13. Bg2 c5 14. a3 b5 15. cxb5 axb5 16. Nxb5 Nxb5 17.
Qd3 Nd4 18. b4 Qb6 19. bxc5 Nxc5 20. Qd2 Ncb3 21. Qc3 Nxa1 22. Rxa1 Rfc8 23. Qd2 Qa5 24. Qd3 Rc3 25. Qb1 Rxa3 26. Rxa3 Qxa3 27. Kh2 Qb3 28. Qc1 Qc2 29. Qe1 h5 30. h4 Kh7 31.
Qb4 Qc7 32. Qb2 Rb8 33. Qa3 Bh6 34. f4 Rb3 35. Qa4 Rxe3 36. f5 Re2 37. Qe8 Bg7 38.
Kh3 Rxg2 39. Kxg2 Qc2+ 40. Kh3 Qxe4 41. fxg6+ fxg6 42. Qe7 Qh1# 0-1

[Event "Late-Titled-Tuesday-Blitz-April-02-2024"]
[Site "Chess.com"]
[Date "2024.04.02"]
[Round "1"]
[White "AsaHoffmann"]
[Black "GaiozNigalidze"]
[Result "0-1"]
[WhiteElo "2414"]
[BlackElo "2717"]
[TimeControl "180+1"]
[EndTime "14:04:46 PDT"]
[Termination "GaiozNigalidze won by resignation"]

1. d4 Nf6 2. Bg5 d5 3. Nd2 Bf5 4. f3 Bg6 5. Nh3 h6 6. Bh4 e6 7.
e4 Be7 8. e5 Nfd7 9. Bf2 c5 10.
Nf4 cxd4 11. Nxg6 fxg6 12. f4 O-O 13. Qg4 Qb6 14. Qxg6 Rxf4 15. Bg3 Nf8 16. Qd3 Rf5 17. Nb3 Nc6 18. O-O-O Nxe5 19. Bxe5 Rxe5 20. Nxd4 Rc8 21. c3 Re3 22. Qc2 Bg5 23. Kb1 Rexc3 0-1

[Event "Late-Titled-Tuesday-Blitz-April-02-2024"]
[Site "Chess.com"]
[Date "2024.04.02"]
[Round "1"]
[White "VD_coach"]
[Black "PawnEatingZombie"]
[Result "1-0"]
[WhiteElo "2570"]
[BlackElo "2168"]
[TimeControl "180+1"]
[EndTime "14:04:54 PDT"]
[Termination "VD_coach won by resignation"]

1. d3 g6 2. Nf3 Bg7 3. c4 Nf6 4.
Nc3 O-O 5. g3 d6 6. Bg2 Nc6 7. O-O e5 8. Rb1 a5 9. a3 Re8 10. b4 axb4 11. axb4 e4 12. Nxe4 Nxe4 13. dxe4 Rxe4 14. b5 Nd4 15. Be3 Nxf3+ 16. Bxf3 Rxc4 17.
Bd5 Rca4 18. Qb3 Qe7 19. Rbc1 Ra3 20. Qc4 c6 21. bxc6 bxc6 22. Qxc6 Rb8 23. Qxc8+ Rxc8 24. Rxc8+ Qf8 25. Rxf8+ Bxf8 26. Rb1 Ra5 27. Rb8 Rxd5 28. Bh6 1-0

[Event "Late-Titled-Tuesday-Blitz-April-02-2024"]
[Site "Chess.com"]
[Date "2024.04.02"]
[Round "1"]
[White "Veleamater"]
[Black "Dhaydon19"]
[Result "1-0"]
[WhiteElo "2399"]
[BlackElo "2656"]
[TimeControl "180+1"]
[EndTime "14:04:57 PDT"]
[Termination "Veleamater won by resignation"]

1. e4 c6 2. d4 d5 3. Nc3 dxe4 4. Nxe4 Bf5 5. Ng3 Bg6 6. Nf3 Nd7 7. h4 h6 8. Bd3 Bxd3 9. Qxd3 e6 10. Bf4 Ngf6 11. O-O-O Be7 12. Rhe1 Qa5 13. Kb1 O-O 14. Nf5 Bb4 15.
c3 exf5 16. cxb4 Qxb4 17. Qxf5 Nb6 18. Bxh6 Nbd5 19. Qg5 g6 20. Bxf8 Rxf8 21. Qd2 Qb6 22. Ne5 Rd8 23. g4 Kg7 24. h5 Nc7 25. hxg6 Ne6 26. Nxf7 1-0